 Dungeon Crawl Stone Soup version 0.21.0-25-ge575cb9 (webtiles) character file.

303 tidbits the Charlatan (level 6, 2/47 HPs)
             Began as a Gnoll Artificer on Jan 26, 2018.
             Was an Initiate of Cheibriados.
             Quit the game on level 6 of the Dungeon.
             The game lasted 00:07:47 (681 turns).

tidbits the Charlatan (Gnoll Artificer)              Turns: 681, Time: 00:07:48

Health: 2/47       AC:  3    Str: 16    XL:     6   Next: 38%
Magic:  11/11      EV: 15    Int: 16    God:    Cheibriados [......]
Gold:   84         SH:  0    Dex: 16    Spells: 8/8 levels left

rFire    . . .     SeeInvis .   a - +0 short sword
rCold    . . .     Gourm    .   (no shield)
rNeg     . . .     Faith    .   b - +0 leather armour
rPois    .         Spirit   .   (no helmet)
rElec    .         Reflect  .   (no cloak)
rCorr    .         Harm     .   (no gloves)
MR       +....                  (no boots)
Stlth    ++........             (no amulet)
HPRegen  0.15/turn              l - ring of protection from magic
MPRegen  0.12/turn              (no ring)

@: quite poisoned (2 -> 1), very slow
A: distributed training, fangs 1, strong nose
a: Bend Time, Renounce Religion


You were on level 6 of the Dungeon.
You worshipped Cheibriados.
Cheibriados was noncommittal.
You were very full.

You visited 2 branches of the dungeon, and saw 8 of its levels.

You collected 84 gold pieces.

Inventory:

Hand Weapons
 a - a +0 short sword (weapon)
 g - a +2 spear of venom
   (You took it off a gnoll on level 5 of the Dungeon)
 i - a +0 dagger
 o - a +3 war axe
Missiles
 h - 8 tomahawks (quivered)
Armour
 b - a +0 leather armour (worn)
Jewellery
 l - a ring of protection from magic (left hand)
   (You found it on level 5 of the Dungeon)
Wands
 d - a wand of enslavement (5)
 e - a wand of random effects (13)
Scrolls
 j - a scroll of fear
Comestibles
 f - 6 rations


   Skills:
 + Level 3.2 Fighting
 + Level 3.2 Short Blades
 + Level 1.9 Long Blades
 + Level 1.9 Axes
 + Level 1.9 Maces & Flails
 + Level 1.9 Polearms
 + Level 1.9 Staves
 + Level 1.9 Slings
 + Level 1.9 Bows
 + Level 1.9 Crossbows
 + Level 1.9 Throwing
 + Level 1.9 Armour
 + Level 4.9 Dodging
 + Level 3.0 Stealth
 + Level 1.9 Shields
 + Level 1.9 Unarmed Combat
 + Level 1.9 Spellcasting
 + Level 1.5 Conjurations
 + Level 1.5 Hexes
 + Level 1.5 Charms
 + Level 1.5 Summonings
 + Level 1.5 Necromancy
 + Level 1.5 Translocations
 + Level 1.5 Transmutations
 + Level 1.5 Fire Magic
 + Level 1.5 Ice Magic
 + Level 1.5 Air Magic
 + Level 1.5 Earth Magic
 + Level 1.5 Poison Magic
 + Level 2.1 Invocations
 + Level 6.8 Evocations


You had 8 spell levels left.
You didn't know any spells.

Dungeon Overview and Level Annotations

Branches:
Dungeon (7/15)             Temple (1/1) D:5

Altars:
Cheibriados
Dithmenos
Elyvilon
Fedhas
Gozag
Hepliaklqana
Kikubaaqudgha
Makhleb
Okawaru
Qazlal
Sif Muna
Trog
Uskayaw
Vehumet
Wu Jian
Xom
Yredelemnul
Zin
The Shining One

Annotations:
D:7 tidbits's ghost, novice GnFE


Innate Abilities, Weirdness & Mutations

Your experience applies equally to all skills.
You have very sharp teeth.
Your uncanny sense of smell can sniff out nearby items.


Message History

Unknown command.
Something unseen opens the door.
Found 28 stones.
Tidbits's ghost (novice Gnoll Fire Elementalist) comes into view.
Tidbits's ghost turns its malevolent gaze towards you.
Tidbits's ghost hits you.
There is an open door here.
Okay, then.
There is a stone staircase leading up here.
Tidbits's ghost says, "Would you like to be cremated?"
Tidbits's ghost points at you and mumbles some strange words.
The puff of flame hits you!
You climb upwards.
There is a stone staircase leading down here.
A scorpion comes into view.
The helpless scorpion fails to defend itself.
You puncture the scorpion!
The scorpion is severely wounded.
The scorpion misses you.
You hit the scorpion.
The scorpion is severely wounded.
The scorpion stings you.
You are poisoned.
The scorpion poisons you!
You hit the scorpion but do no damage. You bite the scorpion.
The scorpion is almost dead.
You feel sick. The scorpion closely misses you.
You hit the scorpion. Your bite misses the scorpion.
The scorpion is almost dead.
You feel sick. The scorpion stings you!
You are more poisoned.
The scorpion poisons you!
You hit the scorpion.
The scorpion is almost dead.
You feel sick. The scorpion stings you.
* * * LOW HITPOINT WARNING * * *
You hit the scorpion but do no damage.
The scorpion is almost dead.
You feel sick. The scorpion closely misses you.
You hit the scorpion but do no damage.
The scorpion is almost dead.
You feel sick. The scorpion closely misses you.
You closely miss the scorpion. Your bite misses the scorpion.
The scorpion is almost dead.
You feel sick. The scorpion closely misses you.
You hit the scorpion.
You kill the scorpion!
Cheibriados appreciates the change of pace.
You feel sick.
It was a potion of ambrosia.
You are confused.
You feel invigorated.
You feel sick.
You feel sick.
You feel sick.
You feel sick.
You bump into the rock wall.
You feel sick.
You feel less invigorated.
You feel less confused.
You feel sick.
You feel sick.
You feel sick.
You feel sick.
You feel sick.
You feel sick.
Found a stone staircase leading down.
You feel sick.
A centaur comes into view.
The centaur shouts!
You hear a shout!
The centaur wields a shortbow.
The centaur shoots an arrow.
The arrow hits you!
The centaur shoots an arrow.
The arrow hits you!
* * * LOW HITPOINT WARNING * * *
Found an escape hatch in the ceiling.
You see here 2 arrows.
You feel sick.
You aren't carrying any potions.
Unknown command.
As you read the scroll of teleportation, it crumbles to dust.
You feel strangely unstable.
Your leather armour prevents you from hitting the centaur.
You feel sick.
The centaur unwields an uncursed shortbow.
The centaur hits you but does no damage.
You hit the centaur.
The centaur is lightly wounded.
The centaur closely misses you.
You hit the centaur.
The centaur is lightly wounded.
Your surroundings suddenly seem different.
The orc wizard shouts!
The orc wizard points at you and mumbles some strange words.
The puff of frost hits you!
* * * LOW HITPOINT WARNING * * *
You aren't carrying any potions.
Unknown command.
As you read the scroll of fear, it crumbles to dust.
You assume a fearsome visage.
The orc wizard looks frightened!
The orc wizard gestures wildly while chanting.
The orc wizard flickers and vanishes!
Are you sure you want to abandon this character and quit the game? (Confirm with "yes".)

###. ##....
#.....#### ..
##...# #...##### .#
###...# ##{......#
# ##....#
##........#
#....####.<.@....#
##....##....##....#
##o....#...###
#..## #).....รท[.##
..# ##..((....## .#
##...(....## ##
#......[.##
.........#
.........#


There were no monsters in sight!

Vanquished Creatures
  An ogre (D:5)
  A scorpion (D:6)
  A worker ant (D:4)
  5 gnolls (D:5)
  An adder (D:5)
  2 leopard geckos
  3 orcs
  2 bats
  2 goblins (D:2)
  4 jackals (D:5)
  A kobold (D:2)
  A ball python (D:5)
  2 frilled lizards
  A jackal skeleton (D:6)
  3 rats
30 creatures vanquished.

Vanquished Creatures (collateral kills)
  A gnoll shaman (D:5)
  An orc priest (D:6)
  A gnoll (D:5)
  A jackal (D:5)
  A quokka (D:3)
5 creatures vanquished.

Vanquished Creatures (others)
  A hound (D:5)
  An orc wizard (D:5)
  A gnoll (D:5)
  3 orcs
6 creatures vanquished.

Grand Total: 41 creatures vanquished

Notes
Turn   | Place    | Note
-------+----------+-------------------------------------------
     0 | D:1      | tidbits the Gnoll Artificer began the quest for the Orb.
     0 | D:1      | Reached XP level 1. HP: 17/17 MP: 4/4
    53 | D:3      | Found a shadowy altar of Dithmenos.
    94 | D:2      | Reached XP level 2. HP: 21/23 MP: 6/6
   135 | D:4      | Reached XP level 3. HP: 3/28 MP: 7/7
   214 | D:3      | Reached skill level 1 in Invocations
   232 | D:5      | Entered Level 5 of the Dungeon
   232 | D:5      | Found a glowing golden altar of the Shining One.
   286 | D:5      | Found a basalt altar of Yredelemnul.
   301 | D:5      | Reached skill level 1 in Long Blades
   301 | D:5      | Reached skill level 1 in Axes
   301 | D:5      | Reached skill level 1 in Maces & Flails
   301 | D:5      | Reached skill level 1 in Polearms
   301 | D:5      | Reached skill level 1 in Staves
   301 | D:5      | Reached skill level 1 in Slings
   301 | D:5      | Reached skill level 1 in Bows
   301 | D:5      | Reached skill level 1 in Crossbows
   301 | D:5      | Reached skill level 1 in Throwing
   301 | D:5      | Reached skill level 1 in Armour
   301 | D:5      | Reached skill level 1 in Shields
   301 | D:5      | Reached skill level 1 in Unarmed Combat
   301 | D:5      | Reached skill level 1 in Spellcasting
   308 | D:5      | Reached XP level 4. HP: 24/34 MP: 8/8
   418 | D:5      | Reached skill level 1 in Conjurations
   418 | D:5      | Reached skill level 1 in Hexes
   418 | D:5      | Reached skill level 1 in Charms
   418 | D:5      | Reached skill level 1 in Summonings
   418 | D:5      | Reached skill level 1 in Necromancy
   418 | D:5      | Reached skill level 1 in Translocations
   418 | D:5      | Reached skill level 1 in Transmutations
   418 | D:5      | Reached skill level 1 in Fire Magic
   418 | D:5      | Reached skill level 1 in Ice Magic
   418 | D:5      | Reached skill level 1 in Air Magic
   418 | D:5      | Reached skill level 1 in Earth Magic
   418 | D:5      | Reached skill level 1 in Poison Magic
   430 | D:5      | Reached XP level 5. HP: 22/40 MP: 8/10
   434 | D:5      | Reached skill level 3 in Fighting
   434 | D:5      | Reached skill level 3 in Short Blades
   444 | D:5      | Found a staircase to the Ecumenical Temple.
   451 | Temple   | Entered the Ecumenical Temple
   494 | Temple   | Became a worshipper of Cheibriados the Contemplative
   566 | D:5      | Noticed an ogre
   571 | D:5      | Killed an ogre
   571 | D:5      | Reached skill level 2 in Invocations
   571 | D:5      | Reached XP level 6. HP: 40/47 MP: 11/11
   579 | D:5      | Reached skill level 3 in Stealth
   630 | D:7      | Noticed tidbits's ghost (novice GnFE)
   679 | D:6      | HP: 2/47 [orc wizard/puff of frost (12)]
   681 | D:6      | Quit the game

Skill      XL: |  1  2  3  4  5  6 |
---------------+-------------------+-----
Invocations    | 1 2 |  2.1
Long Blades    | 1 |  1.9
Axes           | 1 |  1.9
Maces & Flails | 1 |  1.9
Polearms       | 1 |  1.9
Staves         | 1 |  1.9
Slings         | 1 |  1.9
Bows           | 1 |  1.9
Crossbows      | 1 |  1.9
Throwing       | 1 |  1.9
Armour         | 1 |  1.9
Shields        | 1 |  1.9
Unarmed Combat | 1 |  1.9
Spellcasting   | 1 |  1.9
Conjurations   | 1 |  1.5
Hexes          | 1 |  1.5
Charms         | 1 |  1.5
Summonings     | 1 |  1.5
Necromancy     | 1 |  1.5
Translocations | 1 |  1.5
Transmutations | 1 |  1.5
Fire Magic     | 1 |  1.5
Ice Magic      | 1 |  1.5
Air Magic      | 1 |  1.5
Earth Magic    | 1 |  1.5
Poison Magic   | 1 |  1.5
Fighting       | 3 |  3.2
Short Blades   | 3 |  3.2
Stealth        | 3 |  3.0
Dodging        | |  4.9
Evocations     | |  6.8

Action                   |  1- 3 |  4- 6 || total
-------------------------+-------+-------++-------
Melee: Short sword       |    22 |    38 ||    60
       Bite              |     1 |     2 ||     3
Evoke: Wand              |    16 |    11 ||    27
  Use: Scroll            |     3 |     2 ||     5
       Potion            |       |     3 ||     3
 Stab: Sleeping          |     3 |     1 ||     4
       Distracted        |       |     1 ||     1
       Betrayed ally     |       |     1 ||     1
  Eat: Ration            |     1 |     1 ||     2
Armor: Leather armour    |     1 |     5 ||     6
Dodge: Dodged            |    18 |    22 ||    40

Table legend:
 A = Turns spent in this place as a percentage of turns spent in the entire game.
 B = Non-inter-level travel turns spent in this place as a percentage of non-inter-level travel turns spent in the entire game.
 C = Inter-level travel turns spent in this place as a percentage of turns spent in this place.
 D = Turns resting spent in this place as a percentage of non-inter-level travel turns spent in this place.
 E = Turns spent auto-exploring this place as a percentage of non-inter-level travel turns spent in this place.
 F = Non-inter-level travel turns spent in this place divided by the number of levels of this place that you've seen.
                   A       B       C       D       E      F
               +-------+-------+-------+-------+-------+----------------------
         Total | 100.0 | 100.0 |   0.0 |   0.0 |   0.0 |  85.1
       Dungeon |  91.3 |  91.3 |   0.0 |   0.0 |   0.0 |  88.9
        Temple |   8.7 |   8.7 |   0.0 |   0.0 |   0.0 |  59.0
               +-------+-------+-------+-------+-------+----------------------

Table legend:
 A = Kills in this place as a percentage of kills in entire the game.
 B = Kills by you in this place as a percentage of kills by you in the entire game.
 C = Kills by friends in this place as a percentage of kills by friends in the entire game.
 D = Other kills in this place as a percentage of other kills in the entire game.
 E = Experience gained in this place as a percentage of experience gained in the entire game.
 F = Experience gained in this place divided by the number of levels of this place that you have seen.
                   A       B       C       D       E      F
               +-------+-------+-------+-------+-------+----------------------
         Total | 100.0 | 100.0 | 100.0 |   N/A | 100.0 |  54.1
       Dungeon | 100.0 | 100.0 | 100.0 |   N/A | 100.0 |  61.9
               +-------+-------+-------+-------+-------+----------------------

Vault maps used:
D:1:      lightli_iron_boxes
D:2:      nemelex_altar_shiori
D:3:      lemuel_crystal_altar, first_ration
D:4:      minmay_guarded_unrand_vampires_tooth, uniq_crazy_yiuf_cottage
D:5:      kennysheep_little_box, temple_green, tso_metal_star
D:6:      serial_glass, glass_columns_c, glass_columns_c, feat_on_display
D:7:      serial_shops, nicolae_shop_crystal, uniq_menkaure
Temple:   eino_narrow_crystal_temple
